 Dungeon Crawl Stone Soup version 0.27-a0-155-g177a798329 (webtiles) character file.

Game seed: 11319619969062911294

658797 mopl the Sniper (level 27, -4/259 HPs)
             Began as a Minotaur Hunter on May 20, 2020.
             Was the Champion of Okawaru.
             Killed by drain life
             ... invoked by a deathcap
             ... summoned by a curse toe
              (15 damage)
             ... on level 2 of the Realm of Zot on Jan 27, 2021.
             The game lasted 02:55:58 (83247 turns).

mopl the Sniper (Minotaur Hunter)                  Turns: 83247, Time: 02:55:59

Health: -4/259     AC: 39    Str: 29    XL:     27
Magic:  40/43      EV: 19    Int:  8    God:    Okawaru [******]
Gold:   7237       SH:  0    Dex: 19    Spells: 26/32 levels left

rFire    + + +     SeeInvis +   a - +9 triple crossbow (elec)
rCold    + + .     Faith    +   (shield currently unavailable)
rNeg     . . .     Spirit   .   n - +12 gold dragon scales
rPois    +         Reflect  .   (helmet unavailable)
rElec    +         Harm     .   l - scarf {rC+ rF+}
rCorr    +         Rampage  .   t - +2 pair of gloves "Neogrecos" {rC- rCorr Dex+3 SInv}
Will     +++..                  i - +4 pair of boots of Watchfulness {MP+9 Dex+4 SInv Stlth-}
Stlth    ..........             H - amulet of faith {!P}
HPRegen  0.53/turn              U - ring of Xom's Malicious Joy {rF+ rC+}
MPRegen  0.28/turn              h - ring of Knowledge {rElec Will+}

@: portal projectile, hasted, studying Fighting, very quick
A: retaliatory headbutt, horns 3, deformed body, deterioration 1, fire
resistance 1, evolution 1
}: 4/15 runes: serpentine, barnacled, slimy, silver
a: Renounce Religion, Cancel Portal Projectile, Heroism, Finesse


You were on level 2 of the Realm of Zot.
You worshipped Okawaru.
Okawaru was exalted by your worship.
You visited 12 branches of the dungeon, and saw 55 of its levels.
You also visited: Sewer, Ossuary, Bailey, Gauntlet, Wizlab and Desolation.

You collected 13628 gold pieces.
You spent 6391 gold pieces at shops.

Inventory:

Hand Weapons
 a - a +9 triple crossbow of electrocution (weapon)
 b - the +7 lajatang of Order {silver, rMut}
   (You took it off a deep elf annihilator on level 3 of the Elven Halls)

   It protects you from mutation.
 y - a +0 triple crossbow of freezing
 I - the +6 arbalest "Damnation" {damnation}
   (Okawaru gifted it to you in the Desolation of Salt)
 X - a +9 triple crossbow of flaming
Missiles
 f - 1932 bolts (quivered ammo)
 w - 27 boomerangs of dispersal
 Q - 21 throwing nets
Armour
 c - a +2 pair of boots of running
 i - the +4 pair of boots of Watchfulness (worn) {MP+9 Dex+4 SInv Stlth-}
   (Okawaru gifted it to you on level 13 of the Dungeon)

   It affects your dexterity (+4).
   It affects your magic capacity (+9).
   It lets you see invisible.
   It makes you less stealthy.
 l - a scarf of resistance (worn)
 n - +12 gold dragon scales (worn)
 q - the +3 hat of Pondering {ponderous, Will+ MP+10 Int+5}
   (You took it off Gastronok on level 1 of the Orcish Mines)

   It affects your intelligence (+5).
   It affects your willpower, your defense against some magical effects.
   It affects your magic capacity (+10).
 t - the +2 pair of gloves "Neogrecos" (worn) {rC- rCorr Dex+3 SInv}
   (Okawaru gifted it to you on level 1 of the Elven Halls)

   It affects your dexterity (+3).
   It makes you vulnerable to cold.
   It lets you see invisible.
   It provides partial protection from all sources of acid and corrosion.
Jewellery
 h - the ring of Knowledge (right hand) {rElec Will+}
   (You found it on level 2 of the Lair of Beasts)

   [ring of willpower]

   It insulates you from electricity.
   It affects your willpower, your defense against some magical effects.
 H - an amulet of faith (around neck) {!P}
 U - the ring of Xom's Malicious Joy (left hand) {rF+ rC+}
   (You found it in a Gauntlet)

   [ring of protection from fire]

   It protects you from fire.
   It protects you from cold.
Wands
 z - a wand of digging (22)
 E - a wand of paralysis (44)
 J - a wand of polymorph (28)
 L - a wand of acid (52)
 W - a wand of iceblast (37)
 Z - a wand of enslavement (18)
Scrolls
 e - 18 scrolls of teleportation
 m - 2 scrolls of summoning
 v - 6 scrolls of blinking
 B - 25 scrolls of remove curse
 C - 8 scrolls of fear
 F - 6 scrolls of silence {!r}
 G - 6 scrolls of magic mapping
 N - 5 scrolls of fog
 O - 4 scrolls of vulnerability
 R - 2 scrolls of enchant weapon
Potions
 d - 10 potions of invisibility
 g - 10 potions of ambrosia
 o - 6 potions of cancellation
 p - 31 potions of curing
 r - 5 potions of magic
 s - 10 potions of mutation {!q}
 x - 8 potions of haste
 A - 10 potions of berserk rage {!q}
 D - 9 potions of heal wounds
 K - 4 potions of might
 P - 3 potions of resistance
Books
 k - a manual of Fighting
Miscellaneous
 j - a tin of tremorstones (2/2)
 u - a phial of floods
 S - a phantom mirror
 V - a box of beasts
 Y - a lightning rod (4/4)


   Skills:
 + Level 23.4 Fighting
 + Level 10.9 Staves
 * Level 26.0 Crossbows
 + Level 20.9 Armour
 + Level 19.5 Dodging
 - Level 0.7 Stealth
 - Level 3.0 Spellcasting
 - Level 6.0 Hexes
 - Level 12.0 Translocations
 + Level 16.9 Invocations
 + Level 12.8 Evocations


You had 26 spell levels left.
You knew the following spells:

 Your Spells              Type           Power        Failure   Level
a - Apportation           Tloc           40%          2%          1
e - Blink                 Tloc           N/A          3%          2
f - Portal Projectile     Hex/Tloc       30%          24%         3

Your spell library contained the following spells:

 Spells                   Type           Power        Failure   Level
 Gell's Gravitas          Tloc           10%          7%          3
 Lesser Beckoning         Tloc           10%          7%          3
 Teleport Other           Tloc           20%          7%          3
 Passage of Golubria      Tloc           N/A          22%         4
 Corona                   Hex            11%          26%         1
 Slow                     Hex            10%          38%         2
 Confusing Touch          Hex            10%          63%         3
 Tukima's Dance           Hex            10%          63%         3
 Ensorcelled Hibernation  Hex/Ice        12%          80%         2
 Dazzling Flash           Conj/Hex       12%          95%         3
 Inner Flame              Hex/Fire       6%           95%         3
 Cause Fear               Hex            5%           95%         4
 Iskenderun's Mystic Bla  Conj/Tloc      10%          95%         4
 Animate Skeleton         Necr           2%           97%         1
 Beastly Appendage        Tmut           2%           97%         1
 Foxfire                  Conj/Fire      4%           97%         1
 Freeze                   Ice            4%           97%         1
 Magic Dart               Conj           4%           97%         1
 Pain                     Necr           4%           97%         1
 Sandblast                Erth           2%           97%         1
 Shock                    Conj/Air       4%           97%         1
 Sting                    Tmut/Pois      4%           97%         1
 Summon Small Mammal      Summ           4%           97%         1
 Dispersal                Tloc           10%          98%         6
 Call Imp                 Summ           1%           99%         2
 Corpse Rot               Necr/Air       N/A          99%         2
 Passwall                 Tmut/Erth      0%           99%         2
 Poisonous Vapours        Pois/Air       2%           99%         2
 Searing Ray              Conj           2%           99%         2
 Sublimation of Blood     Necr           0%           99%         2
 Swiftness                Air            1%           99%         2
 Wereblood                Tmut           1%           99%         2
 Call Canine Familiar     Summ           1%           100%        3
 Conjure Flame            Conj/Fire      1%           100%        3
 Frozen Ramparts          Ice            2%           100%        3
 Ignite Poison            Fire/Tmut/Pois 1%           100%        3
 Mephitic Cloud           Conj/Pois/Air  1%           100%        3
 Ozocubu's Armour         Ice            1%           100%        3
 Spider Form              Tmut/Pois      0%           100%        3
 Static Discharge         Conj/Air       1%           100%        3
 Stone Arrow              Conj/Erth      2%           100%        3
 Vampiric Draining        Necr           0%           100%        3
 Airstrike                Air            0%           100%        4
 Animate Dead             Necr           0%           100%        4
 Dispel Undead            Necr           1%           100%        4
 Fulminant Prism          Conj/Hex       3%           100%        4
 Hailstorm                Conj/Ice       1%           100%        4
 Ice Form                 Ice/Tmut       1%           100%        4
 Leda's Liquefaction      Hex/Erth       3%           100%        4
 Olgreb's Toxic Radiance  Pois           1%           100%        4
 Petrify                  Tmut/Erth      1%           100%        4
 Sticky Flame             Conj/Fire      1%           100%        4
 Summon Ice Beast         Ice/Summ       1%           100%        4
 Agony                    Necr           1%           100%        5
 Alistair's Intoxication  Tmut/Pois      0%           100%        5
 Blade Hands              Tmut           0%           100%        5
 Bolt of Magma            Conj/Fire/Erth 0%           100%        5
 Borgnjor's Vile Clutch   Necr/Erth      0%           100%        5
 Excruciating Wounds      Necr           0%           100%        5
 Fireball                 Conj/Fire      0%           100%        5
 Irradiate                Conj/Tmut      0%           100%        5
 Iskenderun's Battlesphe  Conj           1%           100%        5
 Lee's Rapid Deconstruct  Erth           0%           100%        5
 Lightning Bolt           Conj/Air       0%           100%        5
 Metabolic Englaciation   Hex/Ice        3%           100%        5
 Silence                  Hex/Air        3%           100%        5
 Summon Forest            Summ/Tloc      5%           100%        5
 Summon Mana Viper        Hex/Summ       6%           100%        5
 Conjure Ball Lightning   Conj/Air       0%           100%        6
 Death Channel            Necr           0%           100%        6
 Eringya's Noxious Bog    Tmut/Pois      0%           100%        6
 Freezing Cloud           Conj/Ice/Air   0%           100%        6
 Hydra Form               Tmut           0%           100%        6
 Invisibility             Hex            10%          100%        6
 Simulacrum               Ice/Necr       0%           100%        6
 Starburst                Conj/Fire      0%           100%        6
 Statue Form              Tmut/Erth      0%           100%        6
 Dragon Form              Tmut           0%           100%        7
 Malign Gateway           Summ/Tloc      5%           100%        7
 Ozocubu's Refrigeration  Ice            0%           100%        7
 Summon Hydra             Summ           0%           100%        7
 Chain Lightning          Conj/Air       0%           100%        8
 Discord                  Hex            5%           100%        8
 Disjunction              Tloc           10%          100%        8
 Ignition                 Fire           0%           100%        8
 Lehudib's Crystal Spear  Conj/Erth      0%           100%        8
 Absolute Zero            Ice            0%           100%        9
 Dragon's Call            Summ           0%           100%        9
 Fire Storm               Conj/Fire      0%           100%        9
 Shatter                  Erth           0%           100%        9
 Tornado                  Air            0%           100%        9


Dungeon Overview and Level Annotations

Branches:
Dungeon (15/15)            Temple (1/1) D:5            Lair (6/6) D:9
 Shoals (4/4) Lair:4        Snake (4/4) Lair:4        Slime (5/5) Lair:6
    Orc (2/2) D:10            Elf (3/3) Orc:2        Vaults (5/5) D:14
  Crypt (3/3) Vaults:2       Tomb (0/3) Crypt:3      Depths (5/5) D:15
    Zot (2/5) Depths:5      Sewer (visited)         Ossuary (visited)
 Bailey (visited)          WizLab (visited)         Desolation (visited)
Gauntlet (visited)

Altars:
Ashenzari
Cheibriados
Dithmenos
Elyvilon
Fedhas
Gozag
Hepliaklqana
Kikubaaqudgha
Makhleb
Nemelex Xobeh
Okawaru
Qazlal
Ru
Sif Muna
Trog
Uskayaw
Vehumet
Wu Jian
Xom
Yredelemnul
Zin
The Shining One
Beogh
Jiyva
Lugonu

Shops:
D:5 [   D:13 ?   D:14 *   Orc:1 ?   Orc:2 ?(x(   Elf:1 }   Elf:2 !   Elf:3 :
Snake:1 [?!   Vaults:4 ![?[

Portals:
Hell: Depths:1 Depths:2 Depths:3 Depths:4 Depths:5
Abyss: Depths:1 Depths:3 Depths:4 Depths:5
Pandemonium: Depths:2 Depths:3
Ziggurat: Depths:1

Annotations:
Snake:2 stormDA
Snake:4 2 transporters, Ceovvig's ghost, journeyman DgFi
Elf:2 5 runed translucent doors


Innate Abilities, Weirdness & Mutations

You reflexively headbutt those who attack you in melee.
You have a pair of large horns on your head.
Armour fits poorly on your strangely shaped body.
Your body sometimes deteriorates upon taking damage.
Your flesh is heat resistant. (rF+)
You evolve.


Message History

The wandering mushroom releases spores at you but does no damage.
The wandering mushroom releases spores at you!
* * * LOW HITPOINT WARNING * * *
You are engulfed in a cloud of spores!
The deathcap closely misses you.
The wandering mushroom releases spores at you but does no damage.
The deathcap releases spores at you but does no damage.
Casting: Portal Projectile (mildly dangerous; 24% risk of failure)
Confirm with . or Enter, or press ? or * to list all spells.
You blink.
The deathcap draws from the surrounding life force!
* * * LOW HITPOINT WARNING * * *
Found a stone staircase leading up.
Unknown command.
You feel much better.
The deathcap draws from the surrounding life force!
* * * LOW HITPOINT WARNING * * *
Unknown command.
You feel yourself speed up.
The deathcap draws from the surrounding life force!
You die...

####### ###
##.....### ##.#
##<.......##
#..#
#..........##
##..#
#.....@.....#
#....
#.....°z....##
#..##
#...#####...f.#
#..## #.#
#..ff# ##..## #
#.f§## #..###
##fff# #..##.
#..f####..##.
##...##...##.
#..(##...##.


You could see a curse toe, 3 deathcaps and 5 wandering mushrooms.

Vanquished Creatures
  the Royal Jelly (Slime:5)
  Dissolution (Slime:5)
  Mara (Shoals:4)
  6 ancient liches
  Boris (4 times) (Depths:3 Depths:5 Crypt:1 Crypt:2)
  Bai Suzhen (Snake:2)
  Vashnia (Snake:2)
  Margery (Depths:3)
  Saint Roka (Depths:4)
  5 caustic shrikes (Depths:5)
  3 golden dragons
  Nikola (Shoals:1)
  Jorgrun (D:13)
  9 tentacled monstrosities
  5 liches
  3 titans (Vaults:5)
  2 deep elf blademasters (Elf:3)
  12 acid blobs
  2 quicksilver dragons (Vaults:5)
  3 krakens
  The ghost of Qofohah the Slinger, an adept GnWn of the Shining One (Shoals:3)
  Polyphemus (Shoals:3)
  2 death cobs (Zot:1)
  Kirke (D:15)
  7 shadow dragons
  Gastronok (Orc:1)
  Agnes (Elf:1)
  Frances (Elf:1)
  3 sphinxes
  Roxanne (Shoals:3)
  4 ancient champions
  A draconian monk (Zot:2)
  Donald (Shoals:3)
  5 nagarajas (Snake:4)
  8 storm dragons
  2 revenants (Crypt:2)
  9 tengu reavers
  2 iron dragons (Vaults:5)
  8 azure jellies
  Louise (D:15)
  A large abomination (Elf:3)
  5 draconian knights (Zot:1)
  8 deep elf sorcerers
  11 vault wardens
  A ghost moth (Zot:2)
  10 fire giants
  A curse skull (Crypt:3)
  4 draconian scorchers
  10 frost giants
  A cacodemon (Depths:2)
  4 imperial myrmidons (Desolation)
  3 draconian shifters
  7 deep elf elementalists (Elf:3)
  2 angels (Elf:2)
  4 draconian stormcallers
  2 draconian annihilators
  21 ironheart preservers
  23 stone giants
  16 very ugly things
  7 war gargoyles
  10 vampire knights
  A caustic shrike skeleton (Depths:2)
  6 black draconians
  An entropy weaver (Vaults:5)
  8 purple draconians
  3 red draconians
  4 yellow draconians
  2 halazid warlocks (Desolation)
  9 deep elf demonologists
  10 deep elf annihilators
  5 green draconians
  Azrael (D:13)
  A minotaur (Gauntlet)
  5 spark wasps
  8 white draconians
  2 quicksilver dragon zombies
  3 eidola
  5 death oozes
  10 merfolk javelineers
  6 ettins
  8 fire dragons
  3 mummy priests (WizLab)
  7 jiangshi
  7 ragged hierophants (Desolation)
  6 deep elf death magi
  17 yaktaur captains
  Josephine (Lair:5)
  15 great orbs of eyes
  4 servants of whispers (Desolation)
  7 ice dragons
  5 deep elf high priests
  17 merfolk impalers
  5 rakshasas
  7 hydras
  31 vault guards
  3 merfolk avatars
  21 naga warriors
  A quicksilver dragon skeleton (Depths:2)
  Harold (D:11)
  13 centaur warriors
  6 spriggan air magi
  5 catoblepae
  A juggernaut simulacrum (Depths:3)
  The ghost of Utwiqean the Gelid, a journeyman DEIE of Vehumet (Lair:1)
  3 anacondas
  An alligator snapping turtle (Shoals:4)
  18 dancing weapons
  7 peacekeepers (Desolation)
  55 two-headed ogres
  4 death knights
  8 merfolk aquamancers
  3 satyrs
  28 ogre magi
  2 tengu warriors (Depths:2)
  6 vampire magi
  22 death yaks
  8 deep troll earth magi
  2 spriggan berserkers
  Urug (Lair:1)
  8 shock serpents
  4 orc high priests
  9 deep troll shamans
  13 naga sharpshooters
  Sonja (D:13)
  A soul eater (Depths:2)
  A spriggan (Depths:5)
  23 hell knights
  15 deep elf knights
  2 shadow wraiths
  2 iron trolls
  A titan skeleton (Crypt:3)
  4 salamander mystics
  A fire crab (shapeshifter) (Vaults:1)
  An unseen horror (D:10)
  10 flayed ghosts
  14 skeletal warriors
  A swamp dragon (shapeshifter) (Vaults:4)
  4 sea snakes
  An infernal demonspawn (Depths:2)
  29 deep trolls
  6 glowing orange brains
  Pikel (D:9)
  3 tengu zombies
  16 deep elf archers
  An obsidian statue (Shoals:3)
  22 phantasmal warriors
  2 naga ritualists
  14 ironbrand convokers
  9 harpies
  9 orc sorcerers
  26 orc knights
  An iron dragon zombie (Crypt:3)
  13 necromancers
  2 fire giant zombies
  7 wizards
  9 mana vipers
  72 deep elf magi
  An oklob plant (Shoals:1)
  3 shining eyes
  4 fauns
  2 wolf spiders (Vaults:2)
  8 cyclopes
  11 manticores
  2 stone giant zombies
  17 salamanders
  35 ugly things
  2 tengu skeletons
  Joseph (Lair:1)
  30 black mambas
  18 naga magi
  12 moths of wrath
  2 sphinx skeletons
  A frost giant skeleton (Crypt:3)
  14 vault sentinels
  A fire giant skeleton (Vaults:3)
  12 guardian serpents
  12 cane toads
  A water nymph (Shoals:3)
  3 molten gargoyles
  9 merfolk sirens
  7 gargoyles
  3 smoke demons (Crypt:3)
  12 elephants
  An emperor scorpion zombie (Crypt:3)
  A minotaur zombie (Gauntlet)
  2 torpor snails
  2 spriggan zombies
  2 kobold demonologists
  4 komodo dragons
  7 freezing wraiths
  A black draconian zombie (Crypt:2)
  4 guardian mummies (WizLab)
  4 tengu conjurers
  A komodo dragon (shapeshifter) (Vaults:5)
  46 yaktaurs
  49 merfolk
  4 red devils (Crypt:3)
  A jumping spider (Vaults:5)
  2 polar bears (Lair:6)
  11 trolls
  A wolf spider simulacrum (Vaults:1)
  2 wind drakes (Shoals:4)
  A hornet (shapeshifter) (Vaults:3)
  52 saltlings (Desolation)
  2 hornets
  13 blink frogs
  Prince Ribbit (D:7)
  A blink frog (shapeshifter) (Vaults:5)
  94 slime creatures
  A hydra skeleton (Crypt:3)
  2 ice dragon zombies (WizLab)
  10 removed hippogriffs
  A raiju (Gauntlet)
  9 snapping turtles
  An ettin zombie (WizLab)
  14 dream sheep
  2 meliai zombies
  A fire dragon skeleton (Crypt:3)
  A deep troll zombie (WizLab)
  A frost giant simulacrum (Depths:2)
  2 centaur simulacra (Gauntlet)
  2 redbacks (shapeshifter)
  4 ettin skeletons
  4 flying skulls (Crypt:2)
  8 shadows
  3 ghosts (Crypt:3)
  14 water elementals
  57 yaks
  A redback (Vaults:5)
  5 vampires
  A ynoxinul (Depths:2)
  4 air elementals
  18 wraiths
  4 wyverns
  6 fire elementals
  A basilisk (D:14)
  A yak (shapeshifter) (Vaults:3)
  3 hogs (D:15)
  Grum (D:9)
  A black mamba skeleton (Crypt:3)
  A chaos spawn (Depths:2)
  A steam dragon (Gauntlet)
  2 removed hungry ghosts
  9 vampire mosquitoes
  A human simulacrum (Vaults:4)
  A spriggan simulacrum (Depths:2)
  A two-headed ogre zombie (D:10)
  5 wargs
  67 nagas
  A soldier ant (shapeshifter) (Vaults:5)
  9 removed porcupines
  10 water moccasins
  2 floating eyes
  4 hell hounds (D:13)
  Purgy (Sewer)
  2 floating eyes (shapeshifter) (Vaults:5)
  An ice beast (shapeshifter) (Vaults:5)
  58 orc warriors
  A black bear (shapeshifter) (Depths:2)
  4 ice beasts
  8 sky beasts
  A cane toad skeleton (Crypt:2)
  2 phantoms
  A necrophage (D:9)
  44 ogres
  9 centaurs
  4 boggarts (Depths:4)
  4 elf zombies
  13 wolves
  4 eyes of draining
  A snapping turtle skeleton (Crypt:1)
  An elf skeleton (Vaults:5)
  2 human skeletons
  8 removed crocodiles
  2 big kobolds (Depths:3)
  23 bullfrogs
  A deep troll simulacrum (Vaults:5)
  A salamander skeleton (Crypt:2)
  4 earth elementals
  A water moccasin zombie (D:8)
  4 scorpions
  2 wyvern skeletons
  A water moccasin skeleton (D:8)
  8 killer bees
  A polar bear zombie (Crypt:1)
  7 wights
  A raiju skeleton (Crypt:2)
  4 electric eels
  9 howler monkeys
  14 crimson imps
  5 centaur zombies
  2 quasits
  A bullfrog zombie (D:11)
  11 hounds
  3 human zombies
  8 jellies
  Crazy Yiuf (D:7)
  22 orc priests
  A wyvern simulacrum (Gauntlet)
  4 bullfrog skeletons
  An iron imp (Depths:4)
  27 orc wizards
  7 centaur skeletons
  6 worker ants
  6 iguanas
  4 big kobold zombies (Ossuary)
  A bullfrog simulacrum (Gauntlet)
  A demigod zombie (Crypt:1)
  A naga skeleton (Crypt:2)
  7 ogre zombies (D:10)
  A deep dwarf skeleton (Crypt:1)
  A hound zombie (D:5)
  4 hound skeletons
  2 mummies (Ossuary)
  A worker ant zombie (Crypt:1)
  A howler monkey zombie (D:7)
  6 adders
  A howler monkey skeleton (D:5)
  4 gnolls (D:2)
  A river rat (D:5)
  2 shadow imps
  8 oozes
  A lava snake zombie (Crypt:1)
  A worm zombie (D:8)
  2 adder skeletons (D:7)
  3 worms
  2 dart slugs
  A program bug skeleton (Crypt:1)
  6 leopard geckos
  99 orcs
  11 bats
  9 giant cockroaches
  A gnoll zombie (Ossuary)
  10 goblins
  4 hobgoblins
  6 jackals
  7 quokkas
  6 ball pythons
  11 frilled lizards
  A goblin skeleton (D:10)
  2 goblin zombies (D:10)
  2 hobgoblin skeletons (D:10)
  2 hobgoblin zombies
  A jackal zombie (D:7)
  6 kobolds
  A kobold zombie (Ossuary)
  2 orc skeletons (D:10)
  17 orc zombies (D:10)
  A quokka skeleton (D:7)
  4 rats
  3 fungi
  4 plants
  6 tentacles
2546 creatures vanquished.

Vanquished Creatures (others)
  A peacekeeper (Desolation)
  A deep elf knight (Vaults:4)
  A deep elf mage (Elf:2)
  2 humans (D:15)
  An ogre (Vaults:3)
  4 removed slaves (D:9)
  A bullfrog (D:15)
  An orc priest (Orc:2)
  An orc (D:9)
  5 fungi
  9 plants
  24 tentacles
  A withered plant (Crypt:3)
52 creatures vanquished.

Grand Total: 2598 creatures vanquished

Notes
Turn   | Place    | Note
-------+----------+-------------------------------------------
     0 | D:1      | mopl the Minotaur Hunter began the quest for the Orb.
     0 | D:1      | Reached XP level 1. HP: 18/18 MP: 0/0
   223 | D:1      | Reached XP level 2. HP: 25/25 MP: 1/1
   227 | D:1      | Reached skill level 3 in Fighting
   794 | D:1      | Reached XP level 3. HP: 31/31 MP: 2/2
   794 | D:1      | Reached skill level 5 in Crossbows
  1262 | D:2      | Reached skill level 4 in Fighting
  1265 | D:2      | Reached XP level 4. HP: 15/40 MP: 3/3
  2344 | D:3      | Found a hide-covered altar of Uskayaw.
  2924 | D:3      | Reached XP level 5. HP: 36/47 MP: 4/4
  3327 | D:3      | Found a burning altar of Makhleb.
  3382 | D:3      | Reached skill level 6 in Crossbows
  3414 | D:3      | Reached skill level 5 in Fighting
  3684 | D:4      | Noticed an ogre
  3688 | D:4      | Killed an ogre
  3688 | D:4      | Reached XP level 6. HP: 57/57 MP: 5/5
  3766 | D:4      | Reached skill level 6 in Fighting
  3952 | D:4      | Reached skill level 7 in Crossbows
  4216 | D:4      | Reached XP level 7. HP: 54/64 MP: 6/6
  4492 | D:5      | Entered Level 5 of the Dungeon
  4502 | D:5      | Got a crude scimitar
  4503 | D:5      | Identified the +4 scimitar "Hatij" {protect, Dex+3} (You
                  | found it on level 5 of the Dungeon)
  4553 | D:5      | Reached skill level 7 in Fighting
  4669 | D:5      | Reached skill level 8 in Crossbows
  4780 | D:5      | Found Lycuuts's Magic Scroll Shop.
  4783 | D:5      | Bought a scroll of teleportation for 39 gold pieces
  4783 | D:5      | Bought a scroll of blinking for 97 gold pieces
  4783 | D:5      | Bought a scroll of magic mapping for 45 gold pieces
  4783 | D:5      | Bought a scroll of identify for 26 gold pieces
  4783 | D:5      | Bought a scroll of identify for 26 gold pieces
  4965 | D:5      | Found a glowing drain.
  4969 | Sewer    | Entered a sewer
  5060 | Sewer    | Noticed Purgy
  5067 | Sewer    | Killed Purgy
  5067 | Sewer    | Reached skill level 8 in Fighting
  5209 | D:5      | Found Gatzymui's Antique Armour Emporium.
  5357 | D:5      | Reached skill level 1 in Evocations
  5357 | D:5      | Reached XP level 8. HP: 73/74 MP: 7/7
  5489 | D:5      | Found a staircase to the Ecumenical Temple.
  5498 | Temple   | Entered the Ecumenical Temple
  5779 | D:6      | Found an opulent altar of Gozag.
  5858 | D:6      | Found a shimmering blue altar of Sif Muna.
  5903 | D:6      | Reached skill level 2 in Evocations
  6047 | D:6      | Reached skill level 9 in Crossbows
  6081 | D:6      | Reached skill level 9 in Fighting
  6081 | D:6      | Reached skill level 3 in Evocations
  6610 | D:6      | Got a faintly humming robe
  6808 | D:7      | Reached XP level 9. HP: 84/84 MP: 10/10
  6822 | D:7      | Noticed Prince Ribbit
  6827 | D:7      | Reached skill level 4 in Evocations
  7076 | D:7      | Reached skill level 10 in Fighting
  7131 | D:7      | Reached skill level 10 in Crossbows
  7189 | D:7      | Killed Prince Ribbit
  7231 | D:7      | Found a snail-covered altar of Cheibriados.
  7314 | D:7      | Found a runed translucent door.
  7315 | D:7      | Noticed Crazy Yiuf
  7321 | D:7      | Killed Crazy Yiuf
  7369 | D:7      | Found a hazy altar of Hepliaklqana.
  7463 | D:7      | Learned a level 2 spell: Blink
  7643 | D:8      | Found a flagged portal.
  7661 | D:8      | Found a sand-covered staircase.
  7676 | Ossuary  | Entered an ossuary
  7725 | Ossuary  | Reached skill level 5 in Evocations
  7936 | Bailey   | Entered a bailey
  8071 | Bailey   | Noticed an orc knight
  8073 | Bailey   | Noticed an orc knight
  8202 | Bailey   | Killed an orc knight
  8202 | Bailey   | Reached skill level 11 in Fighting
  8207 | Bailey   | Reached skill level 11 in Crossbows
  8457 | Bailey   | Reached XP level 10. HP: 96/96 MP: 12/12
  8491 | Bailey   | Killed an orc knight
  8570 | Bailey   | Noticed an orc knight
  8607 | Bailey   | Killed an orc knight
  8607 | Bailey   | Reached skill level 12 in Fighting
  8742 | Bailey   | Noticed an orc knight
  8773 | Bailey   | Killed an orc knight
  8804 | Bailey   | Got a slimy rapier
  9045 | Bailey   | Identified the +5 rapier of Optimality {venom, rPois rF+
                  | MR+ Str+2} (You found it in a bailey)
  9058 | Bailey   | Identified the cursed +0 robe of Impatience {Int+2} (You
                  | found it on level 6 of the Dungeon)
  9222 | D:8      | Reached skill level 12 in Crossbows
  9405 | D:8      | Reached skill level 1 in Armour
  9587 | D:8      | Found a stormy altar of Qazlal.
  9587 | D:8      | Found an iron altar of Okawaru.
  9594 | D:8      | Became a worshipper of Warmaster Okawaru
  9948 | D:9      | Noticed Pikel
  9955 | D:9      | Noticed a death yak
  9957 | D:9      | Killed Pikel
  9957 | D:9      | Reached * piety under Okawaru
  9957 | D:9      | Reached skill level 2 in Armour
  9957 | D:9      | Reached skill level 3 in Dodging
  9960 | D:9      | Noticed a death yak
  9965 | D:9      | Noticed a death yak
  9982 | D:8      | Killed a death yak
  9982 | D:8      | Reached skill level 3 in Armour
 10321 | D:8      | Killed a death yak
 10321 | D:8      | Reached XP level 11. HP: 30/105 MP: 14/14
 10732 | D:9      | Reached skill level 1 in Invocations
 10753 | D:9      | Reached skill level 4 in Dodging
 10783 | D:9      | Reached ** piety under Okawaru
 10829 | D:9      | Killed a death yak
 10829 | D:9      | Reached skill level 4 in Armour
 10829 | D:9      | Reached skill level 2 in Invocations
 10829 | D:9      | Reached skill level 6 in Evocations
 10832 | D:9      | Reached skill level 13 in Fighting
 10846 | D:9      | Reached *** piety under Okawaru
 11168 | D:9      | Found a staircase to the Lair.
 11210 | D:9      | Found a blossoming altar of Fedhas.
 11213 | D:9      | Found an ancient bone altar of Kikubaaqudgha.
 11353 | D:9      | Found a white marble altar of Elyvilon.
 11627 | D:9      | Received a gift from Okawaru
 11914 | D:9      | Noticed Grum
 11923 | D:9      | Killed Grum
 12196 | D:9      | Reached skill level 5 in Dodging
 12226 | D:9      | Reached skill level 3 in Invocations
 12234 | D:9      | Received a gift from Okawaru
 12452 | D:9      | Reached skill level 5 in Armour
 12479 | D:10     | Entered Level 10 of the Dungeon
 12616 | D:10     | Found a staircase to the Orcish Mines.
 12983 | D:10     | Received a gift from Okawaru
 13000 | D:10     | Killed an unseen horror
 13032 | D:10     | Reached **** piety under Okawaru
 13421 | D:10     | Received a gift from Okawaru
 13576 | D:10     | Reached skill level 13 in Crossbows
 13576 | D:10     | Reached XP level 12. HP: 85/115 MP: 16/16
 14251 | Lair:1   | Entered Level 1 of the Lair of Beasts
 14254 | Lair:1   | Noticed Joseph
 14264 | Lair:1   | Reached skill level 4 in Invocations
 14271 | Lair:1   | Killed Joseph
 14271 | Lair:1   | Reached skill level 6 in Dodging
 14282 | Lair:1   | Reached skill level 6 in Armour
 14282 | Lair:1   | Reached skill level 7 in Evocations
 14443 | Lair:1   | Noticed a seven-headed hydra
 14475 | Lair:1   | Killed a seven-headed hydra
 14793 | Lair:1   | Noticed a six-headed hydra
 14801 | Lair:1   | Killed a six-headed hydra
 14801 | Lair:1   | Received a gift from Okawaru
 14887 | Lair:1   | Found a runed translucent gate.
 14888 | Lair:1   | Found a runed translucent gate.
 14889 | Lair:1   | Found a runed translucent gate.
 14890 | Lair:1   | Noticed Utwiqean's ghost (journeyman DEIE)
 15167 | Lair:1   | Noticed Urug
 15185 | Lair:1   | Killed Urug
 15395 | Lair:1   | Reached ***** piety under Okawaru
 15644 | Lair:1   | Noticed a four-headed hydra
 15654 | Lair:1   | Killed a four-headed hydra
 16174 | D:5      | Bought a scroll of identify for 26 gold pieces
 16174 | D:5      | Bought a scroll of enchant armour for 97 gold pieces
 16174 | D:5      | Bought a scroll of silence for 97 gold pieces
 16327 | Orc:1    | Entered Level 1 of the Orcish Mines
 16903 | Orc:1    | Noticed Gastronok
 16916 | Orc:1    | Killed Gastronok
 16916 | Orc:1    | Reached skill level 7 in Armour
 16916 | Orc:1    | Reached skill level 7 in Dodging
 16916 | Orc:1    | Reached skill level 5 in Invocations
 17008 | Orc:2    | Entered Level 2 of the Orcish Mines
 17029 | Orc:2    | Received a gift from Okawaru
 17031 | Orc:2    | Reached skill level 14 in Fighting
 17198 | Orc:2    | Got a distressingly furry chain mail {god gift}
 17212 | Orc:2    | Identified the +9 chain mail "Wemun" {rPois} (Okawaru
                  | gifted it to you on level 2 of the Orcish Mines)
 17490 | Orc:2    | Found a staircase to the Elven Halls.
 17587 | Orc:2    | Noticed an orc high priest
 17949 | Orc:1    | Found Dothraisk's Magic Scroll Shop.
 17953 | Orc:1    | Bought a scroll of blinking for 127 gold pieces
 18551 | Orc:2    | Noticed an orc high priest
 18565 | Orc:2    | Killed an orc high priest
 18565 | Orc:2    | Reached XP level 13. HP: 102/124 MP: 17/17
 18580 | Orc:2    | Reached skill level 8 in Evocations
 18913 | Orc:2    | Reached skill level 8 in Armour
 19390 | Orc:2    | Reached skill level 6 in Invocations
 19686 | Orc:2    | Found Guhyriuf's Weapon Boutique.
 19686 | Orc:2    | Found Xailut's Magic Scroll Shoppe.
 19693 | Orc:2    | Found Nuoghus's Food Shoppe.
 19693 | Orc:2    | Found Unuskybo's Antique Weapon Boutique.
 19707 | Orc:2    | Bought a scroll of amnesia for 38 gold pieces
 19707 | Orc:2    | Bought a scroll of vulnerability for 82 gold pieces
 19707 | Orc:2    | Bought a scroll of torment for 82 gold pieces
 19707 | Orc:2    | Bought a scroll of teleportation for 33 gold pieces
 19707 | Orc:2    | Bought a scroll of identify for 22 gold pieces
 19707 | Orc:2    | Bought a scroll of identify for 22 gold pieces
 19707 | Orc:2    | Bought a scroll of identify for 22 gold pieces
 20035 | Lair:2   | Received a gift from Okawaru
 20233 | Lair:2   | Got a shimmering lapis lazuli ring
 20235 | Lair:2   | Identified the ring of Knowledge {rElec MR+} (You found it
                  | on level 2 of the Lair of Beasts)
 20283 | Lair:2   | Reached skill level 8 in Dodging
 20296 | Lair:2   | Received a gift from Okawaru
 20562 | Lair:2   | Reached skill level 14 in Crossbows
 20572 | Lair:2   | Received a gift from Okawaru
 20576 | Lair:2   | Got an ebony triple sword {god gift}
 20741 | Lair:2   | Identified the +1 triple sword of the Neverending Hells
                  | {speed, *Slow rPois Int+5} (Okawaru gifted it to you on
                  | level 2 of the Lair of Beasts)
 21229 | Lair:2   | Reached skill level 9 in Armour
 22188 | Lair:3   | Received a gift from Okawaru
 22260 | Lair:3   | Reached skill level 1 in Translocations
 22565 | Lair:3   | Reached skill level 7 in Invocations
 22846 | Lair:3   | Received a gift from Okawaru
 23665 | Lair:3   | Received a gift from Okawaru
 23674 | Lair:3   | Reached skill level 9 in Dodging
 24154 | Lair:4   | Reached XP level 14. HP: 133/133 MP: 16/19
 24166 | Lair:4   | Received a gift from Okawaru
 24173 | Lair:4   | Reached skill level 9 in Evocations
 24188 | Lair:4   | Reached skill level 15 in Fighting
 24188 | Lair:4   | Reached skill level 2 in Translocations
 24476 | Lair:4   | Found a staircase to the Snake Pit.
 24768 | Lair:4   | Found a staircase to the Shoals.
 25306 | Lair:4   | Upgraded the game from 0.25-a0-1133-g93ebf739aa to
                  | 0.26-a0-146-g24f6d3962c
 25333 | Lair:5   | Got a shimmering ring mail
 25348 | Lair:5   | Identified the cursed +1 ring mail of the Equator {rElec
                  | rPois Int+3} (You found it on level 5 of the Lair of
                  | Beasts)
 25586 | Lair:5   | Found a gate leading to a gauntlet.
 25596 | Gauntlet | Entered a Gauntlet
 25596 | Gauntlet | Found a transporter.
 25596 | Gauntlet | Found a transporter.
 25596 | Gauntlet | Found a transporter.
 25597 | Gauntlet | Found a transporter.
 25600 | Gauntlet | Found a transporter.
 25600 | Gauntlet | Found a transporter.
 25615 | Gauntlet | Found a transporter.
 25617 | Gauntlet | Found a transporter.
 25632 | Gauntlet | Found a transporter.
 25646 | Gauntlet | Found a transporter.
 25664 | Gauntlet | Found a transporter.
 25668 | Gauntlet | Found a transporter.
 25916 | Gauntlet | Got a steaming marble ring
 25929 | Gauntlet | Identified the ring of Xom's Malicious Joy {rF+ rC+} (You
                  | found it in a Gauntlet)
 26304 | Lair:5   | Identified 2 scrolls of acquirement
 26419 | Lair:5   | Noticed Josephine
 26431 | Lair:5   | Killed Josephine
 26513 | Lair:5   | Reached skill level 10 in Armour
 27385 | Lair:6   | Entered Level 6 of the Lair of Beasts
 27442 | Lair:6   | Received a gift from Okawaru
 27685 | Lair:6   | Found an iron altar of Okawaru.
 27709 | Lair:6   | Reached skill level 3 in Translocations
 27709 | Lair:6   | Reached skill level 8 in Invocations
 27719 | Lair:6   | Found a staircase to the Slime Pits.
 27849 | Lair:6   | Reached ****** piety under Okawaru
 27998 | Lair:6   | Received a gift from Okawaru
 28231 | Lair:6   | Received a gift from Okawaru
 28239 | Lair:6   | Reached skill level 10 in Dodging
 29343 | D:11     | Noticed Harold
 29350 | D:11     | Killed Harold
 29350 | D:11     | Reached XP level 15. HP: 139/141 MP: 20/20
 29797 | D:11     | Reached skill level 15 in Crossbows
 29869 | D:11     | Reached skill level 4 in Translocations
 30813 | D:12     | Received a gift from Okawaru
 31248 | D:13     | Reached skill level 11 in Armour
 31248 | D:13     | Reached skill level 10 in Evocations
 31298 | D:13     | Received a gift from Okawaru
 31301 | D:13     | Got a pair of spiked boots {god gift}
 31312 | D:13     | Identified the +4 pair of boots of Watchfulness {MP+9 Dex+4
                  | SInv Stlth-} (Okawaru gifted it to you on level 13 of the
                  | Dungeon)
 31465 | D:13     | Noticed Sonja
 31473 | D:13     | Killed Sonja
 31536 | D:13     | Noticed Azrael
 31553 | D:13     | Killed Azrael
 31714 | D:13     | Found Tonluqal's Magic Scroll Shoppe.
 31731 | D:13     | Bought a scroll of identify for 38 gold pieces
 31731 | D:13     | Bought a scroll of identify for 38 gold pieces
 31731 | D:13     | Bought a scroll of fog for 38 gold pieces
 31888 | D:13     | Noticed Jorgrun
 31903 | D:13     | Killed Jorgrun
 32542 | D:13     | Found an opulent altar of Gozag.
 32548 | D:13     | Found a burning altar of Makhleb.
 32548 | D:13     | Found an iron altar of Okawaru.
 32550 | D:13     | Found an iron altar of Okawaru.
 32550 | D:13     | Found a shimmering altar of Xom.
 32550 | D:13     | Found a shimmering blue altar of Sif Muna.
 32819 | Elf:1    | Entered Level 1 of the Elven Halls
 32842 | Elf:1    | Reached skill level 16 in Fighting
 33365 | Elf:1    | Reached skill level 9 in Invocations
 33396 | Elf:1    | Reached skill level 11 in Dodging
 33625 | Elf:1    | Reached skill level 5 in Translocations
 33727 | Elf:1    | Identified the Guide on Confrontation
 33817 | Elf:1    | Found Cuuni's Gadget Emporium.
 33957 | Elf:1    | Received a gift from Okawaru
 33962 | Elf:1    | Got a pair of crude gloves {god gift}
 33963 | Elf:1    | Identified the +2 pair of gloves "Neogrecos" {rC- rCorr
                  | Dex+3 SInv} (Okawaru gifted it to you on level 1 of the
                  | Elven Halls)
 34071 | Elf:1    | Noticed Agnes
 34077 | Elf:1    | Killed Agnes
 34085 | Elf:1    | Noticed Frances
 34093 | Elf:1    | Killed Frances
 34421 | Elf:2    | Reached skill level 12 in Armour
 34421 | Elf:2    | Reached XP level 16. HP: 137/152 MP: 22/22
 34451 | Elf:2    | Found a ruined gateway.
 34485 | Elf:2    | Found a glowing golden altar of the Shining One.
 34485 | Elf:2    | Found a white marble altar of Elyvilon.
 34486 | Elf:2    | Found a glowing silver altar of Zin.
 34495 | Desolati | Entered the Desolation of Salt
 34630 | Desolati | HP: 6/152 [saltling (2)]
 34647 | Desolati | HP: 6/152 [saltling (8)]
 34686 | Desolati | Received a gift from Okawaru
 34727 | Desolati | Reached skill level 16 in Crossbows
 35092 | Desolati | Identified the +8 hand axe of the Enchanted Forest {freeze,
                  | rElec}
 35092 | Desolati | Identified the +0 plate armour of Fuwug {*Corrode rN+ Int+3
                  | Slay+3}
 35628 | Desolati | Reached skill level 6 in Translocations
 35628 | Desolati | Reached skill level 10 in Invocations
 35816 | Desolati | Identified the +2 hand axe "Cuiheer" {holy, rC+}
 36360 | Desolati | Identified Kutiuq's Guide on the Frigorific Arsonist
 36484 | Desolati | Received a gift from Okawaru
 36485 | Desolati | Found the +6 arbalest "Damnation" {damnation}
 36507 | Desolati | Reached skill level 12 in Dodging
 36693 | Desolati | Got a slimy great sword
 36694 | Desolati | Identified the +9 great sword of Accidental Termination
                  | {vorpal, rElec} (You found it in the Desolation of Salt)
 36699 | Desolati | Identified the Handbook of Destructive Stolen Souls
 36924 | Desolati | Found the +4 dagger "Morg" {pain, MR+ Int+5}
 36931 | Desolati | Identified an amulet of Tisomed {Reflect Fragile MP+9 Str+6
                  | Dex+3 SH+5} (You found it in the Desolation of Salt)
 36934 | Desolati | Identified the Volume of Fetching Cold
 36940 | Desolati | Identified the ring of Pusoygri {MR+ Dex+2} (You found it
                  | in the Desolation of Salt)
 37018 | Elf:2    | Identified the +9 ring mail of the Good {rPois rC- Int+6
                  | Slay+3} (You found it on level 2 of the Elven Halls)
 37405 | Elf:2    | Found Potihew's Distillery.
 37415 | Elf:2    | Bought a potion of curing for 42 gold pieces
 37415 | Elf:2    | Bought a potion of heal wounds for 70 gold pieces
 37415 | Elf:2    | Bought a potion of curing for 42 gold pieces
 37415 | Elf:2    | Bought a potion of haste for 140 gold pieces
 37444 | Elf:2    | Reached skill level 17 in Fighting
 37510 | Elf:2    | Received a gift from Okawaru
 37610 | Elf:2    | Reached skill level 13 in Armour
 37634 | Elf:2    | Found an ancient bone altar of Kikubaaqudgha.
 37705 | Elf:2    | Learned a level 3 spell: Portal Projectile
 37811 | Elf:2    | Reached XP level 17. HP: 159/161 MP: 23/23
 37843 | Elf:2    | Received a gift from Okawaru
 37997 | Elf:2    | Received a gift from Okawaru
 37997 | Elf:2    | Reached skill level 17 in Crossbows
 38050 | Elf:2    | Found a huge runed translucent gate.
 38050 | Elf:2    | Found a huge runed translucent gate.
 38051 | Elf:2    | Found a huge runed translucent gate.
 38052 | Elf:2    | Reached skill level 1 in Hexes
 38053 | Elf:2    | Found a huge runed translucent gate.
 38057 | Elf:2    | Found a huge runed translucent gate.
 38849 | D:14     | Found a gate to the Vaults.
 39158 | D:14     | Found Amouvvic's General Store.
 39166 | D:14     | Bought a scroll of identify for 24 gold pieces
 39326 | D:14     | Found a runed translucent door.
 39401 | D:14     | Paralysed by an orc sorcerer for 4 turns
 39440 | D:14     | Found a roughly hewn altar of Beogh.
 39496 | D:15     | Entered Level 15 of the Dungeon
 39499 | D:15     | Noticed Kirke
 39593 | D:15     | Reached skill level 2 in Hexes
 39603 | D:14     | Reached skill level 7 in Translocations
 39904 | D:15     | Received a gift from Okawaru
 39909 | D:15     | Got a fading dagger {god gift}
 39910 | D:15     | Identified the +6 dagger "Pux Viem" {vamp, rN+ MR+ SInv}
                  | (Okawaru gifted it to you on level 15 of the Dungeon)
 39952 | D:15     | Killed Kirke
 40064 | D:15     | Found a snail-covered altar of Cheibriados.
 40152 | D:15     | Noticed Louise
 40172 | D:15     | Killed Louise
 40354 | D:15     | Found a staircase to the Depths.
 40471 | D:15     | Received a gift from Okawaru
 40877 | Snake:1  | Entered Level 1 of the Snake Pit
 40884 | Snake:1  | Received a gift from Okawaru
 40885 | Snake:1  | Got a brightly glowing dire flail {god gift}
 40892 | Snake:1  | Identified the +3 dire flail of Vine {flame, rPois Str+6
                  | Stlth+} (Okawaru gifted it to you on level 1 of the Snake
                  | Pit)
 41272 | Snake:1  | Found Cemusoh's Antique Armour Shop.
 41320 | Snake:1  | Reached skill level 13 in Dodging
 41323 | Snake:1  | Found Cemukkac's Antique Armour Shop.
 41500 | Snake:1  | Found Xowegisi's Distillery.
 41726 | Snake:1  | Found Xoets's Magic Scroll Shop.
 41730 | Snake:1  | Bought a scroll of magic mapping for 38 gold pieces
 41730 | Snake:1  | Bought a scroll of acquirement for 572 gold pieces
 41730 | Snake:1  | Bought a scroll of magic mapping for 38 gold pieces
 41730 | Snake:1  | Bought a scroll of magic mapping for 38 gold pieces
 41873 | Snake:2  | Reached skill level 3 in Hexes
 41886 | Snake:2  | Reached XP level 18. HP: 134/171 MP: 24/24
 41917 | Snake:2  | Reached skill level 18 in Crossbows
 42082 | Snake:2  | Received a gift from Okawaru
 42082 | Snake:2  | Reached skill level 14 in Armour
 42091 | Snake:2  | Got a dazzling cloak {god gift}
 42401 | Snake:2  | Identified the -4 cloak "Jomek" {-Tele Str+4 Int+4 Dex+6}
                  | (Okawaru gifted it to you on level 2 of the Snake Pit)
 42512 | Snake:2  | Noticed Vashnia
 42559 | Snake:2  | Killed Vashnia
 43008 | Snake:3  | Noticed Bai Suzhen
 43035 | Snake:2  | Killed Bai Suzhen
 43286 | Snake:3  | Reached skill level 18 in Fighting
 43597 | Snake:3  | Received a gift from Okawaru
 43846 | Snake:3  | Received a gift from Okawaru
 43846 | Snake:3  | Reached skill level 4 in Hexes
 43974 | Snake:4  | Entered Level 4 of the Snake Pit
 44094 | Snake:4  | Reached skill level 8 in Translocations
 44152 | Snake:4  | Identified the +6 broad axe "Qynnixuk" {freeze, *Rage rF+
                  | Int+2}
 44154 | Snake:4  | Noticed Ceovvig's ghost (journeyman DgFi)
 44157 | Snake:4  | Identified the +10 great sword of Karma {venom, Str+3}
 44171 | Snake:4  | Found a transporter.
 44179 | Snake:4  | Found a transporter.
 44303 | Snake:4  | Found a bloodstained altar of Trog.
 44482 | Snake:4  | Received a gift from Okawaru
 44621 | Snake:4  | Received a gift from Okawaru
 44975 | Snake:4  | Received a gift from Okawaru
 44993 | Snake:4  | Identified the +0 plate armour of the Stars {rC- rN+ Dex+2
                  | Slay+2} (Okawaru gifted it to you on level 4 of the Snake
                  | Pit)
 45003 | Snake:4  | Reached XP level 19. HP: 155/179 MP: 25/25
 45031 | Snake:4  | Reached skill level 19 in Crossbows
 45245 | Snake:4  | Got a serpentine rune of Zot
 45581 | Lair:1   | Killed Utwiqean's ghost
 45835 | Elf:3    | Entered Level 3 of the Elven Halls
 46554 | Elf:3    | Reached skill level 14 in Dodging
 46750 | Elf:3    | Found Qota's Book Shoppe.
 47038 | D:5      | Bought pitted gold dragon scales for 2380 gold pieces
 47038 | D:5      | Identified the cursed +1 gold dragon scales of Melancholy
                  | {rPois rF+ rC+ MR+} (You bought it in a shop on level 5 of
                  | the Dungeon)
 47378 | Elf:3    | Received a gift from Okawaru
 47403 | Elf:3    | Reached skill level 15 in Armour
 47403 | Elf:3    | Noticed a Brimstone Fiend
 47665 | Elf:3    | Noticed a Tzitzimitl
 47677 | Elf:3    | Reached skill level 5 in Hexes
 48043 | Elf:3    | Received a gift from Okawaru
 48043 | Elf:3    | Reached skill level 11 in Invocations
 48088 | Elf:3    | Identified the amulet "Tucvoarph" {Regen+ MP+9 Dex+4}
 48374 | Elf:3    | Identified the +5 long sword of Lehueqie {speed, Str+3}
 48412 | Elf:3    | Identified the +6 dagger of Hard Scrabble {vorpal, rN+}
 48466 | Elf:3    | Received a gift from Okawaru
 48518 | Elf:3    | Identified the Collected Works on Congealing Earth
 48531 | Elf:3    | Identified the Collected Works on the Poisonous Snowflakes
 48596 | Elf:3    | Identified the amulet "Otoovav" {Inacc Dex+4} (You found it
                  | on level 3 of the Elven Halls)
 48601 | Elf:3    | Identified the +5 arbalest of the Everdark {freeze, Int+2}
                  | (You found it on level 3 of the Elven Halls)
 48924 | Lair:1   | Upgraded the game from 0.26-a0-146-g24f6d3962c to
                  | 0.26-a0-154-g3d63440f56
 49135 | Shoals:1 | Entered Level 1 of the Shoals
 49401 | Shoals:1 | Got a vibrating copper amulet
 49402 | Shoals:1 | Identified the amulet of Sicilis {Inacc +Blink rPois Str+4
                  | Int-5} (You found it on level 1 of the Shoals)
 49537 | Shoals:1 | Found a shimmering altar of Xom.
 49552 | Shoals:1 | Received a gift from Okawaru
 49722 | Shoals:1 | Noticed Nikola
 49739 | Shoals:1 | Killed Nikola
 49739 | Shoals:1 | Reached skill level 9 in Translocations
 49795 | Shoals:1 | Reached XP level 20. HP: 181/189 MP: 27/27
 50708 | Shoals:2 | Reached skill level 20 in Crossbows
 51417 | Shoals:3 | Found a runed translucent gate.
 51417 | Shoals:3 | Found a runed translucent gate.
 51417 | Shoals:3 | Found a runed translucent gate.
 51418 | Shoals:3 | Found an opulent altar of Gozag.
 51419 | Shoals:3 | Noticed Qofohah's ghost (adept GnWn)
 51429 | Shoals:3 | Noticed Polyphemus
 51431 | Shoals:3 | Reached skill level 19 in Fighting
 51432 | Shoals:3 | Received a gift from Okawaru
 51450 | Shoals:3 | Killed Polyphemus
 51473 | Shoals:3 | Noticed Roxanne
 51479 | Shoals:3 | Killed Roxanne
 51485 | Shoals:3 | Noticed Donald
 51487 | Shoals:3 | Killed Donald
 52033 | Shoals:4 | Entered Level 4 of the Shoals
 52176 | Shoals:4 | Received a gift from Okawaru
 52196 | Shoals:4 | Identified the -4 pair of boots of Generosity {-Cast rCorr
                  | Int+5 SInv} (Okawaru gifted it to you on level 4 of the
                  | Shoals)
 52304 | Shoals:4 | Got a barnacled rune of Zot
 52319 | Shoals:4 | Found a burning altar of Makhleb.
 52371 | Shoals:4 | Reached skill level 15 in Dodging
 52431 | Shoals:4 | Found an ancient bone altar of Kikubaaqudgha.
 52626 | Shoals:4 | Reached skill level 16 in Armour
 52658 | Shoals:4 | Reached skill level 12 in Invocations
 52866 | Shoals:4 | Identified the +3 quarterstaff of Pandemonium {pain,
                  | Stlth+} (You found it on level 4 of the Shoals)
 53113 | Shoals:4 | Upgraded the game from 0.26-a0-154-g3d63440f56 to
                  | 0.26-a0-180-ge96aa7da28
 53113 | Shoals:4 | Noticed Mara
 53133 | Shoals:4 | Killed Mara
 53270 | Shoals:4 | Identified Hudd's Grimoire of Shifting Flames
 53322 | Shoals:4 | Upgraded the game from 0.26-a0-180-ge96aa7da28 to
                  | 0.26-a0-201-gb271ac0e06
 53666 | Vaults:1 | Entered Level 1 of the Vaults
 53672 | Vaults:1 | Received a gift from Okawaru
 53715 | Vaults:1 | Received a gift from Okawaru
 53808 | Vaults:1 | Identified the cursed +0 scale mail "Xyskof" {*Contam rElec
                  | Str-3 Dex+5} (You found it on level 1 of the Vaults)
 54300 | Vaults:1 | Reached XP level 21. HP: 179/199 MP: 29/29
 54302 | Vaults:1 | Received a gift from Okawaru
 54322 | Vaults:1 | Identified the +10 plate armour of Okawaru's Benevolence
                  | {rC- rN+ Str+5} (Okawaru gifted it to you on level 1 of the
                  | Vaults)
 54968 | Vaults:1 | Found a roughly hewn altar of Beogh.
 55308 | Vaults:2 | Reached skill level 21 in Crossbows
 55342 | Vaults:2 | Reached skill level 10 in Translocations
 55696 | Vaults:2 | Received a gift from Okawaru
 55748 | Vaults:2 | Upgraded the game from 0.26-a0-201-gb271ac0e06 to
                  | 0.26-a0-255-gd5f3108e62
 56686 | Vaults:2 | Found a staircase to the Crypt.
 57411 | Vaults:3 | Found Seecousch's Antique Armour Boutique.
 57489 | Vaults:3 | Reached skill level 20 in Fighting
 57673 | Vaults:3 | Received a gift from Okawaru
 57673 | Vaults:3 | Reached skill level 17 in Armour
 57678 | Vaults:3 | Reached skill level 13 in Invocations
 57689 | Vaults:3 | Identified the +0 pair of boots of Eternal Night {*Drain
                  | rF+ Dex+4} (Okawaru gifted it to you on level 3 of the
                  | Vaults)
 57874 | Vaults:3 | Reached skill level 1 in Spellcasting
 58082 | Vaults:3 | Reached skill level 16 in Dodging
 58082 | Vaults:3 | Reached XP level 22. HP: 209/209 MP: 30/30
 58350 | Vaults:4 | Found Vurroegg's Antique Armour Emporium.
 58358 | Vaults:4 | Bought a pair of runed gloves for 210 gold pieces
 59030 | Vaults:4 | Received a gift from Okawaru
 59033 | Vaults:4 | Reached skill level 2 in Spellcasting
 59232 | Vaults:4 | Identified the -5 buckler of Gehenna {rElec Regen+ Str-3
                  | Int+2} (Okawaru gifted it to you on level 4 of the Vaults)
 59390 | Vaults:4 | Found Ixyfuch's Distillery.
 59399 | Vaults:4 | Bought a potion of heal wounds for 90 gold pieces
 59399 | Vaults:4 | Bought a potion of heal wounds for 90 gold pieces
 59399 | Vaults:4 | Bought a potion of heal wounds for 90 gold pieces
 59399 | Vaults:4 | Bought a potion of curing for 54 gold pieces
 59520 | Vaults:4 | Found Faoph's Antique Armour Boutique.
 59552 | Vaults:4 | Found Halatab's Magic Scroll Boutique.
 59561 | Vaults:4 | Bought a scroll of enchant weapon for 105 gold pieces
 59561 | Vaults:4 | Bought a scroll of identify for 28 gold pieces
 59561 | Vaults:4 | Bought a scroll of identify for 28 gold pieces
 59561 | Vaults:4 | Bought 3 scrolls of identify for 84 gold pieces
 60222 | Vaults:4 | Upgraded the game from 0.26-a0-255-gd5f3108e62 to
                  | 0.26-a0-259-g1effd001a9
 60387 | Depths:1 | Entered Level 1 of the Depths
 60387 | Depths:1 | Found a gateway to Hell.
 60470 | Depths:1 | Reached skill level 22 in Crossbows
 60487 | Depths:1 | Found an iron altar of Okawaru.
 60703 | Depths:1 | Found a one-way gate to the infinite horrors of the Abyss.
 60726 | Depths:1 | Found a gateway to a ziggurat.
 60948 | Depths:1 | Received a gift from Okawaru
 60949 | Depths:1 | Found the +27 Lear's hauberk
 60991 | Depths:2 | Identified the ring "Kol Aq Ruul" {Str+4 Int+6} (You found
                  | it on level 2 of the Depths)
 61232 | Depths:2 | Found a magical portal.
 61244 | WizLab   | Entered Doroklohe's Tomb
 61789 | WizLab   | Noticed an ancient lich
 61794 | WizLab   | Killed an ancient lich
 61794 | WizLab   | Reached skill level 3 in Spellcasting
 61794 | WizLab   | Reached skill level 6 in Hexes
 61820 | WizLab   | Identified the +2 plate armour of Space {Str+3} (You found
                  | it in a wizard's laboratory)
 61869 | WizLab   | Identified the +1 ring mail of Evolution {MP+9 Int+4}
 62566 | Depths:2 | Acquired 2520 gold pieces
 62602 | Depths:2 | Reached XP level 23. HP: 194/217 MP: 32/32
 63023 | Depths:2 | Found a one-way gate leading to the halls of Pandemonium.
 63434 | Depths:3 | Received a gift from Okawaru
 63567 | Depths:3 | Noticed Boris
 63577 | Depths:3 | Killed Boris
 63636 | Depths:3 | Received a gift from Okawaru
 63804 | Depths:3 | Received a gift from Okawaru
 63840 | Depths:3 | Reached skill level 18 in Armour
 63842 | Depths:3 | Reached skill level 14 in Invocations
 64023 | Depths:3 | Received a gift from Okawaru
 64286 | Depths:3 | Noticed Margery
 64305 | Depths:3 | Killed Margery
 64693 | Depths:4 | Reached skill level 11 in Translocations
 64735 | Depths:4 | Received a gift from Okawaru
 64752 | Depths:4 | Reached skill level 17 in Dodging
 64865 | Depths:4 | Received a gift from Okawaru
 64875 | Depths:4 | Noticed Saint Roka
 64893 | Depths:4 | Killed Saint Roka
 64893 | Depths:4 | Reached skill level 21 in Fighting
 65313 | Depths:4 | You fall into a shaft and drop 1 floor!
 65313 | Depths:5 | Entered Level 5 of the Depths
 65320 | Depths:5 | Found a corrupted altar of Lugonu.
 65361 | Depths:5 | Noticed a caustic shrike
 65362 | Depths:5 | Noticed a caustic shrike
 65363 | Depths:5 | Noticed a caustic shrike
 65371 | Depths:5 | Killed a caustic shrike
 65371 | Depths:5 | Reached skill level 23 in Crossbows
 65376 | Depths:5 | Received a gift from Okawaru
 65376 | Depths:5 | Noticed a caustic shrike
 65381 | Depths:5 | Killed a caustic shrike
 65392 | Depths:5 | Killed a caustic shrike
 65395 | Depths:5 | Killed a caustic shrike
 65421 | Depths:5 | Received a gift from Okawaru
 65449 | Depths:5 | Received a gift from Okawaru
 65454 | Depths:5 | Reached XP level 24. HP: 51/228 MP: 32/32
 65479 | Depths:5 | Received a gift from Okawaru
 65487 | Depths:5 | Identified the +3 arbalest of Okawaru's Generosity {flame,
                  | *Slow rPois Str+4} (Okawaru gifted it to you on level 5 of
                  | the Depths)
 65554 | Depths:5 | HP: 9/228 [caustic shrike (14)]
 65554 | Depths:5 | HP: 4/228 [acid (5)]
 66078 | Depths:5 | Noticed Boris
 66090 | Depths:5 | Killed Boris
 66807 | Depths:4 | Received a gift from Okawaru
 66828 | Depths:4 | Upgraded the game from 0.26-a0-259-g1effd001a9 to
                  | 0.27-a0-46-g34d46f0a3f
 66834 | Depths:4 | Upgraded the game from 0.27-a0-46-g34d46f0a3f to
                  | 0.27-a0-96-gb51a1d6fd6
 66834 | Depths:4 | Upgraded the game from 0.27-a0-96-gb51a1d6fd6 to
                  | 0.27-a0-124-g19cb506db8
 66892 | Depths:4 | Identified Ylarghovi's Volume of Summoning and Malediction
 66903 | Depths:4 | Identified the Almanac of Boosting Unholy Magic
 66935 | Depths:4 | Identified Luntun's Papyrus of Ignition and Evil
 66950 | Depths:4 | Identified the Compendium of the Destructive Volcanoes
 66964 | Depths:4 | Found a shimmering blue altar of Sif Muna.
 67042 | Depths:4 | Identified the Almanac of Venomous Execration
 67058 | Depths:4 | Identified the Almanac of Dark Combat Magic
 67060 | Depths:4 | Identified Sif Muna's Incunabulum of the Helpful Snowflakes
 67079 | Depths:4 | Noticed an ancient lich
 67098 | Depths:4 | Killed an ancient lich
 67515 | Depths:5 | Found a gate to the Realm of Zot.
 68337 | Crypt:1  | Entered Level 1 of the Crypt
 68341 | Crypt:1  | Noticed Boris
 68359 | Crypt:1  | Killed Boris
 68359 | Crypt:1  | Received a gift from Okawaru
 68360 | Crypt:1  | Reached skill level 1 in Staves
 68421 | Crypt:1  | Received a gift from Okawaru
 68428 | Crypt:1  | Identified the +1 chain mail "Cus Vit" {rF+ rCorr} (Okawaru
                  | gifted it to you on level 1 of the Crypt)
 68881 | Crypt:1  | Reached skill level 15 in Invocations
 69058 | Crypt:1  | Reached skill level 2 in Staves
 69058 | Crypt:1  | Reached skill level 19 in Armour
 69165 | Crypt:2  | Noticed Boris
 69178 | Crypt:2  | Killed Boris
 69307 | Crypt:2  | Reached skill level 3 in Staves
 69821 | Crypt:3  | Entered Level 3 of the Crypt
 70150 | Crypt:3  | Reached skill level 24 in Crossbows
 70184 | Crypt:3  | Reached XP level 25. HP: 227/237 MP: 33/33
 70210 | Crypt:3  | Reached skill level 18 in Dodging
 70253 | Crypt:3  | Reached skill level 4 in Staves
 70300 | Crypt:3  | Received a gift from Okawaru
 70666 | Crypt:3  | Found a staircase to the Tomb.
 70704 | Crypt:3  | Noticed an ancient lich
 70712 | Crypt:3  | Killed an ancient lich
 71127 | Crypt:3  | Identified the +1 plate armour of Jiat Giynu {rElec Regen+
                  | Int+2 SInv} (You found it on level 3 of the Crypt)
 71617 | Crypt:3  | Found an ancient bone altar of Kikubaaqudgha.
 71619 | Crypt:3  | Noticed an ancient lich
 71624 | Crypt:3  | Noticed an ancient lich
 71626 | Crypt:3  | Killed an ancient lich
 71626 | Crypt:3  | Received a gift from Okawaru
 71627 | Crypt:3  | Reached skill level 12 in Translocations
 71633 | Crypt:3  | Killed an ancient lich
 71634 | Crypt:3  | Reached skill level 5 in Staves
 71658 | Crypt:3  | Noticed an ancient lich
 71662 | Crypt:3  | Killed an ancient lich
 71662 | Crypt:3  | Received a gift from Okawaru
 71690 | Crypt:3  | Got a fine bronze ring
 71691 | Crypt:3  | Identified the ring of Paranoia {rElec rF- rC+ EV+4} (You
                  | found it on level 3 of the Crypt)
 71854 | Crypt:3  | Learned a level 1 spell: Apportation
 72822 | Slime:1  | Entered Level 1 of the Pits of Slime
 72944 | Slime:1  | Gained mutation: You evolve. [a shining eye]
 72945 | Slime:1  | Gained mutation: Armour fits poorly on your strangely
                  | shaped body. [a shining eye]
 73033 | Slime:1  | Reached skill level 11 in Evocations
 73298 | Slime:2  | Paralysed by a floating eye for 4 turns
 73308 | Slime:2  | Reached skill level 22 in Fighting
 73553 | Slime:2  | Received a gift from Okawaru
 74419 | Slime:4  | Reached skill level 6 in Staves
 74516 | Slime:5  | Entered Level 5 of the Pits of Slime
 75248 | Slime:3  | Gained mutation: Your body sometimes deteriorates upon
                  | taking damage. [a shining eye]
 75284 | Slime:5  | Noticed the Royal Jelly
 75288 | Slime:5  | Found a viscous altar of Jiyva.
 75289 | Slime:5  | Found the +0 staff of Battle
 75298 | Slime:5  | Killed the Royal Jelly
 75320 | Slime:5  | Identified the Handbook of Unstable Snow
 75330 | Slime:5  | Identified Sif Muna's Incunabulum of Cloudy Battle Magic
 75335 | Slime:5  | Identified the Collected Works on Hexes and Shape Shifting
 75343 | Slime:5  | Noticed Dissolution
 75351 | Slime:5  | Killed Dissolution
 75351 | Slime:5  | Received a gift from Okawaru
 75352 | Slime:5  | Reached skill level 7 in Staves
 75397 | Slime:5  | Got a slimy rune of Zot
 75428 | Slime:5  | Got a pitted tin ring
 75482 | Slime:5  | Identified the ring of Attitude {Slay+3 Stlth+} (You found
                  | it on level 5 of the Pits of Slime)
 75944 | Shoals:3 | Killed Qofohah's ghost
 76721 | Vaults:5 | Entered Level 5 of the Vaults
 76859 | Vaults:4 | Reached XP level 26. HP: 244/247 MP: 33/33
 77188 | Vaults:4 | Received a gift from Okawaru
 77247 | Vaults:5 | Reached skill level 16 in Invocations
 77341 | Vaults:5 | Received a gift from Okawaru
 77540 | Vaults:5 | Reached skill level 20 in Armour
 77648 | Vaults:5 | Reached skill level 8 in Staves
 77648 | Vaults:5 | Reached skill level 25 in Crossbows
 78225 | Vaults:5 | Gained mutation: Your flesh is heat resistant. (rF+)
                  | [evolution]
 78307 | Vaults:5 | Identified the +5 scale mail "Vaebaw" {Str+3 Dex+6}
 78325 | Vaults:5 | Received a gift from Okawaru
 78336 | Vaults:5 | Reached skill level 12 in Evocations
 78341 | Vaults:5 | Reached skill level 19 in Dodging
 78356 | Vaults:5 | Reached skill level 9 in Staves
 78385 | Vaults:5 | Received a gift from Okawaru
 78408 | Vaults:5 | Received a gift from Okawaru
 78409 | Vaults:5 | Identified a +1 pair of boots of running (Okawaru gifted it
                  | to you on level 5 of the Vaults)
 78771 | Vaults:5 | Identified the +3 shortbow of Risk Management {flame,
                  | rElec}
 79585 | Vaults:5 | Got a silver rune of Zot
 79684 | Vaults:5 | Acquired a manual of Fighting
 79738 | Vaults:5 | Identified the +1 buckler "Xyekyq" {Regen+} (Okawaru gifted
                  | it to you on level 5 of the Vaults)
 80027 | Zot:1    | Entered Level 1 of the Realm of Zot
 80106 | Zot:1    | Reached XP level 27. HP: 256/256 MP: 34/34
 80136 | Zot:1    | Received a gift from Okawaru
 80146 | Zot:1    | Reached skill level 10 in Staves
 80159 | Zot:1    | Reached skill level 23 in Fighting
 80167 | Zot:1    | Received a gift from Okawaru
 80179 | Zot:1    | Identified the +6 plate armour of Uzxidwil {rPois Str+3}
                  | (Okawaru gifted it to you on level 1 of the Realm of Zot)
 81596 | Zot:2    | Reached skill level 26 in Crossbows
 81790 | Zot:2    | Received a gift from Okawaru
 82319 | D:12     | Gained mutation: You have a pair of large horns on your
                  | head. [evolution]
 82394 | Lair:1   | Upgraded the game from 0.27-a0-124-g19cb506db8 to
                  | 0.27-a0-155-g177a798329
 82552 | Snake:1  | Bought a potion of curing for 48 gold pieces
 82552 | Snake:1  | Bought a potion of heal wounds for 80 gold pieces
 82552 | Snake:1  | Bought 2 potions of mutation for 256 gold pieces
 82552 | Snake:1  | Bought a potion of curing for 48 gold pieces
 82552 | Snake:1  | Bought a potion of curing for 48 gold pieces
 82552 | Snake:1  | Bought a potion of ambrosia for 128 gold pieces
 82552 | Snake:1  | Bought a potion of ambrosia for 128 gold pieces
 82552 | Snake:1  | Bought a potion of might for 64 gold pieces
 82613 | Snake:1  | Bought a scroll of identify for 22 gold pieces
 82613 | Snake:1  | Bought a scroll of enchant armour for 82 gold pieces
 82613 | Snake:1  | Bought 3 scrolls of enchant weapon for 247 gold pieces
 82613 | Snake:1  | Bought a scroll of enchant armour for 82 gold pieces
 83123 | Zot:2    | Received a gift from Okawaru
 83243 | Zot:2    | HP: 8/259 [wandering mushroom[a curse toe] (8)]
 83247 | Zot:2    | Killed from afar by a deathcap

Illustrated notes

Levels and vault maps discovered:
D:1:      onia_arrival_mini_maze_b, layout_loops_cross
D:2:      layout_loops_corners
D:3:      layout_loops_ring, lemuel_crystal_altar, makhleb_blood_cavern_becter
D:4:      layout_loops_cross, first_ration, serial_rivers,
          chequers_serial_rivers_micro_e, chequers_serial_rivers_marsh,
          chequers_serial_rivers_micro_c, chequers_serial_rivers_micro_a
D:5:      layout_cave_pools, minmay_temple_entry_nine_rooms,
          gup_sewer_entry_bowl, serial_shops, kennysheep_mini_moat,
          nicolae_shop_statue_plus, patterned_corridor
D:6:      layout_loops_ring, nicolae_gozag_cash_rules_everything_around_me,
          basic_altar, corexii_leaking_fountain
D:7:      layout_rooms, lemuel_coloured_pillars_altar, old_standard_altar,
          uniq_prince_ribbit1, uniq_crazy_yiuf_cottage
D:8:      layout_cave_pools, minitemple, enter_ossuary_3, enter_bailey_8,
          hangedman_little_slice_of_home, kennysheep_potato
D:9:      layout_cave_pods, grunt_temple_overflow_growth_and_decay,
          nicolae_overflow_hidden_temple, dpeg_lair_monsters, uniq_pikel,
          uniq_grum
D:10:     layout_gridville, zombieorc2_lemuel, hangedman_decor_riveting
D:11:     layout_long_grid, uniq_harold
D:12:     layout_long_grid, nooodl_orcs_dogs
D:13:     layout_loops_corners, serial_shops, shop_coins, nicolae_wwwww,
          doesnt_xom_only_xom, uniq_azrael, uniq_sonja, uniq_jorgrun
D:14:     layout_loops_corners, david_vaults_2, kennysheep_decorative_pillar,
          serial_shops, nicolae_shop_temple_entry_statues_fountains,
          kennysheep_pointless_box, minmay_holes, lightli_church_of_beogh
D:15:     grunt_enter_depths_snipers, layout_rooms, grunt_decor_one_mirror,
          cheibriados_altar_1, uniq_louise, uniq_kirke
Temple:   minmay_temple_bridge_abc
Lair:1:   layout_layer_cave, gammafunk_ghost_split,
          chequers_serial_rivers_small_3, chequers_serial_rivers_small_3,
          uniq_urug, uniq_joseph
Lair:2:   layout_regular_city
Lair:3:   layout_cellular_growth
Lair:4:   layout_concentric_octagons, minmay_shoals_entry_hut,
          minmay_snake_entry_guardpost_small, serial_forest,
          infiniplex_forest_clump_curved, infiniplex_forest_lined_1,
          infiniplex_forest_lined_corner, infiniplex_forest_straight_2,
          infiniplex_forest_diagonal, infiniplex_forest_clump_long,
          infiniplex_forest_lined_corner, infiniplex_forest_clump_tiny
Lair:5:   layout_concentric_octagons, gauntlet_entry_generic, uniq_josephine
Lair:6:   evilmike_catoblepas_cave, layout_long_grid, slime_dummy, basic_altar
Shoals:1: layout_shoals, lemuel_oklob_altar, uniq_nikola
Shoals:2: layout_shoals, nicolae_shoals_stone_sculpture_thing, st_sunken_temple
Shoals:3: layout_shoals, ebering_ghost_gozag, uniq_donald, uniq_roxanne,
          uniq_polyphemus
Shoals:4: shoals_end_simple, layout_shoals, hangedman_feature_mirror, uniq_mara
Snake:1:  layout_misc_corridors, serial_shops, nicolae_shop_overgrown_old_shop,
          nicolae_shop_stone, shop, shop, serial_bayou_pond_e,
          serial_bayou_shore_b, serial_bayou_shore_b, grunt_megastairs_3
Snake:2:  layout_onion_interference, uniq_vashnia
Snake:3:  layout_cave_town, uniq_bai_suzhen
Snake:4:  minmay_snake_end_coiled, layout_rooms,
          gammafunk_ghost_wrathful_warriors, hangedman_snake_pattern
Slime:1:  layout_caves, nicolae_slime_phagocytosis
Slime:2:  layout_caves
Slime:3:  layout_caves, cheibrodos_slime_lost_civilization_4
Slime:4:  layout_caves
Slime:5:  uniq_dissolution
Orc:1:    layout_caves, serial_shops, shop, uniq_gastronok
Orc:2:    grunt_orc_tribal_feast, layout_diamond_mine, rock_pile
Elf:1:    eino_elf_arrival_customs, layout_loops_corners, serial_shops,
          nicolae_shop_competitors_out_of_business, minmay_elf_annihilation,
          uniq_frances, uniq_agnes
Elf:2:    layout_gridlike, serial_shops,
          nicolae_shop_temple_entry_statues_fountains,
          portal_desolation_entry_holy_temple, basic_altar,
          guppyfry_library_mini
Elf:3:    minmay_elf_hall_x, layout_geoelf_castle, serial_shops,
          nicolae_shop_crystal
Vaults:1: hangedman_vaults_variations, nicolae_vaults_little_squares_1,
          ontoclasm_vaults_loading_screen, v_misc_16, hangedman_vaults_stream,
          nicolae_vaults_network_quincunx
          [nicolae_vaults_network_quincunx_subvault,
          nicolae_vaults_network_quincunx_subvault,
          nicolae_vaults_network_quincunx_subvault,
          nicolae_vaults_network_quincunx_subvault,
          nicolae_vaults_network_quincunx_subvault], ontoclasm_vaults_eye,
          hangedman_vaults_capsules, special_room_vaults [special_room_orc],
          nicolae_vaults_little_squares_4, vaults_room_semicircle,
          vaults_room_pools, layout_vaults_maze_snakey
Vaults:2: v_alt_pattern_6, v_misc_18, nicolae_vaults_diagonal_hallway_8,
          vaults_mumra_hexcomb, v_misc_29, nicolae_vaults_network_square,
          hangedman_vaults_locks, nicolae_vaults_diagonal_hallway_9,
          nicolae_vaults_diagonal_hallway_9, vaults_dpeg_ring,
          layout_vaults_omnicross, dummy_crypt_entry
Vaults:3: grunt_vaults_focal, vaults_mumra_chevron, dpeg_vaults_monster_row,
          v_misc_19, v_misc_11, v_alt_pattern_3, v_pattern_1,
          nicolae_vaults_big_ls, v_misc_13, vaults_dpeg_hooks,
          nicolae_vaults_little_squares_4, layout_vaults_chaotic_city,
          serial_shops, shop_fountains
Vaults:4: v_misc_1, dpeg_vaults_monster_box, nicolae_vaults_little_squares_2,
          hangedman_vaults_maws, hangedman_vaults_stretched_pinwheel,
          nicolae_vaults_hallways_thing, nicolae_vaults_border_crossing,
          ontoclasm_vaults_claustrophobia, vaults_room_fours,
          ontoclasm_vaults_ligature, vaults_dpeg_diagonal, layout_vaults_ring,
          serial_shops, shop, nicolae_shop_crystal, shop_statue, shop_statue
Vaults:5
Crypt:1:  layout_chaotic_city, roderic_lattice_octagonal_star
Crypt:2:  layout_misc_corridors
Crypt:3:  quadcrypt_mu
Depths:1: layout_cave_pools, ziggurat_fallback, okawaru_ov_weapons_minmay,
          abyss_entry, hell_entry, minmay_strange_pillars,
          kennysheep_generic_room_13
Depths:2: kennysheep_blocky_hall, layout_gridville, mu_enter_wizlab_5,
          hell_entry, abandoned_shop, rand_demon_pan_entry_9, hex_tiny,
          serial_bayou_crossing
Depths:3: kennysheep_spiral_hall, layout_cave_pools, pan_entry,
          marbit_kobold_abyss_entry, serial_glass, glass_columns_a,
          glass_columns_b, grunt_metal_band, uniq_boris
Depths:4: evilmike_library_of_no_secrets, layout_gridville,
          grunt_hell_entry_dis_mu, abyss_entry, skrybe_limestone_x,
          uniq_saint_roka
Depths:5: evilmike_zot_entry_diamond, layout_cave_shapes,
          abyss_entry_flame_altar, hell_entry, minmay_misc_feat_columns
Zot:1:    layout_misc_corridors
Zot:2:    layout_cathedral_of_symmetry

Skill      XL: |  1  2  3  4  5  6  7  8  9 10 11 12 13 14 15 16 17 18 19 20 21 22 23 24 25 26 27 |
---------------+----------------------------------------------------------------------------------+-----
Fighting       | 3 4 5 6 8 9 11 12 13 14 15 16 17 18 19 20 21 22 23 | 23.4
Crossbows      | 5 6 7 8 9 11 12 13 14 15 16 17 18 19 20 21 22 23 24 25 26 | 26.0
Evocations     | 1 3 5 6 7 8 9 10 11 12 | 12.8
Armour         | 3 5 7 9 10 12 13 14 15 16 17 18 19 20 | 20.9
Dodging        | 3 5 7 9 10 11 12 13 14 15 16 17 18 19 | 19.5
Invocations    | 3 5 7 8 9 10 11 12 13 14 15 16 | 16.9
Translocations | 1 3 5 6 7 8 9 10 11 12 | 12.0
Hexes          | 3 4 5 6 |  6.0
Spellcasting   | 1 3 |  3.0
Staves         | 3 7 9 10 | 10.9
Stealth        | |  0.7

Action                   |  1- 3 |  4- 6 |  7- 9 | 10-12 | 13-15 | 16-18 | 19-21 | 22-24 | 25-27 || total
-------------------------+-------+-------+-------+-------+-------+-------+-------+-------+-------++-------
Melee: Short sword       |   101 |   193 |     5 |       |       |       |       |       |       ||   299
       Headbutt          |    27 |    30 |    60 |   138 |   104 |       |     1 |     6 |   105 ||   471
       Scimitar          |       |       |   270 |       |       |       |       |       |       ||   270
       Unarmed           |       |       |     3 |       |       |       |       |       |       ||     3
       Rapier            |       |       |       |   664 |   354 |       |       |       |       ||  1018
       Punch             |       |       |       |       |     1 |       |       |       |       ||     1
       Lajatang          |       |       |       |       |       |       |    11 |    20 |   254 ||   285
 Fire: Hand crossbow     |       |       |    43 |   186 |    81 |       |       |       |       ||   310
       Arbalest          |       |       |       |       |   792 |  1467 |   375 |       |       ||  2634
       Triple crossbow   |       |       |       |       |       |       |  1123 |  1447 |  1030 ||  3600
Throw: Dart              |       |     2 |    12 |    11 |       |       |       |       |       ||    25
 Cast: Blink             |       |       |       |       |     4 |    27 |    13 |    17 |    16 ||    77
       Portal Projectile |       |       |       |       |       |       |       |     4 |     5 ||     9
       Apportation       |       |       |       |       |       |       |       |       |     3 ||     3
Invok: Heroism           |       |       |       |    23 |    30 |    39 |    36 |    33 |    20 ||   181
       Finesse           |       |       |       |       |       |     3 |     5 |     3 |     3 ||    14
 Abil: Evoke Flight      |       |       |     1 |     4 |       |       |       |       |       ||     5
Evoke: Wand              |       |       |     3 |     4 |     1 |     7 |     2 |     3 |       ||    20
  Use: Scroll            |       |       |     9 |    15 |    12 |    12 |    19 |    18 |    34 ||   119
       Potion            |       |       |       |       |       |     7 |       |     3 |     3 ||    13
 Stab: Paralysed         |       |       |     7 |     3 |       |       |       |       |       ||    10
  Eat: Removed food      |     1 |    10 |    11 |    27 |    39 |    21 |    24 |       |       ||   133
       Removed food      |       |       |     1 |     2 |     3 |     4 |     7 |     8 |       ||    25
Armor: Leather armour    |    21 |    10 |       |       |       |       |       |       |       ||    31
       Ring mail         |       |    45 |       |       |       |       |       |       |       ||    45
       Scale mail        |       |    24 |   166 |       |       |       |       |       |       ||   190
       Skin              |       |       |     1 |       |       |       |       |       |       ||     1
       Plate armour      |       |       |       |   387 |       |       |       |    66 |    86 ||   539
       Chain mail        |       |       |       |    42 |   524 |   477 |   491 |   383 |   453 ||  2370
       Gold dragon scale |       |       |       |       |       |       |       |       |     8 ||     8
Dodge: Dodged            |    57 |    84 |    92 |   305 |   553 |   718 |   753 |   845 |  1244 ||  4651
Block: Kite shield       |     6 |    85 |   101 |     6 |       |       |       |       |       ||   198
       Buckler           |       |       |       |   238 |    57 |       |       |       |       ||   295
       Reflection        |       |       |       |    10 |       |       |       |       |       ||    10
       Rpst.: Scimitar   |       |       |    18 |       |       |       |       |       |       ||    18

Table legend: (Time is in decaauts)
 A = Elapsed time spent in this place.
 B = Non-inter-level travel time spent in this place.
 C = Inter-level travel time spent in this place.
 D = Time resting spent in this place.
 E = Time spent auto-exploring this place.
 F = Levels seen in this place.
 G = Mean time per level.
                   A        B        C        D        E       F      G
               +--------+--------+--------+--------+--------+-----+--------+
         Total |  86613 |  77091 |   9522 |  14791 |  43526 |  61 | 1419.9 |
       Dungeon |  21592 |  18432 |   3160 |   2315 |  12138 |  15 | 1439.5 |
        Temple |    197 |    174 |     23 |      0 |    158 |   1 |  197.0 |
          Lair |  12531 |   9908 |   2623 |    234 |   7870 |   6 | 2088.5 |
        Shoals |   5104 |   4836 |    268 |    581 |   2735 |   4 | 1276.0 |
     Snake Pit |   4802 |   4443 |    359 |    859 |   2379 |   4 | 1200.5 |
    Slime Pits |   2556 |   2333 |    223 |   1543 |      3 |   5 |  511.2 |
  Orcish Mines |   3106 |   2875 |    231 |    831 |   1301 |   2 | 1553.0 |
   Elven Halls |   5709 |   4878 |    831 |    672 |   2907 |   3 | 1903.0 |
        Vaults |  10795 |  10051 |    744 |   1972 |   5696 |   5 | 2159.0 |
         Crypt |   4424 |   3971 |    453 |    485 |   2543 |   3 | 1474.7 |
        Depths |   7337 |   6808 |    529 |   1560 |   3717 |   5 | 1467.4 |
           Zot |   2368 |   2293 |     75 |    742 |   1115 |   2 | 1184.0 |
         Sewer |    232 |    232 |      0 |      0 |     76 |   1 |  232.0 |
       Ossuary |    226 |    226 |      0 |      0 |      0 |   1 |  226.0 |
        Bailey |   1187 |   1187 |      0 |    745 |      0 |   1 | 1187.0 |
        Wizlab |   1188 |   1188 |      0 |    726 |    127 |   1 | 1188.0 |
    Desolation |   2546 |   2546 |      0 |   1223 |    756 |   1 | 2546.0 |
      Gauntlet |    706 |    706 |      0 |    301 |      0 |   1 |  706.0 |
               +--------+--------+--------+--------+--------+-----+--------+

Top non-repeatable levels by time:
 Crypt:3: 2768 daAuts
Vaults:5: 2715 daAuts
   Zot:2: 1233 daAuts
   Zot:1: 1135 daAuts
 Crypt:1: 860 daAuts
Depths:5: 828 daAuts
 Crypt:2: 795 daAuts
Depths:4: 750 daAuts
 Slime:2: 728 daAuts
 Slime:3: 690 daAuts
 Slime:1: 571 daAuts
Vaults:4: 570 daAuts
  Lair:1: 527 daAuts
 Slime:5: 420 daAuts
    D:14: 259 daAuts
Note: time per level data comes from an upgraded game and may be incomplete.
